 Dungeon Crawl Stone Soup version 0.23.2-1-ga50397a (webtiles) character file.

Game seed: 5084423362518552136

208 Fang the Skirmisher (level 5, 0/34 HPs)
             Began as a Gargoyle Berserker on May 14, 2019.
             Was a Believer of Trog.
             Slain by Purgy (1 damage)
             ... in a sewer.
             The game lasted 00:03:17 (1671 turns).

Fang the Skirmisher (Gargoyle Berserker)            Turns: 1671, Time: 00:03:17

Health: 0/34       AC: 15    Str: 22    XL:     5   Next: 86%
Magic:  5/5        EV:  9    Int:  7    God:    Trog [**....]
Gold:   118        SH:  0    Dex:  9    Spells: 4/4 levels left

rFire    . . .     SeeInvis .   a - +0 hand axe
rCold    . . .     Gourm    .   (no shield)
rNeg     + . .     Faith    .   b - +0 chain mail
rPois    ∞         Spirit   .   (no helmet)
rElec    +         Reflect  .   (no cloak)
rCorr    .         Harm     .   (no gloves)
MR       .....                  (no boots)
Stlth    ..........             (no amulet)
HPRegen  0.11/turn              m - +2 ring of protection
MPRegen  0.09/turn              (no ring)

@: berserk cooldown, slowed, very slow
A: negative energy resistance 1, electricity resistance, unbreathing,
petrification resistance, rot immunity, AC +4
a: Berserk, Trog's Hand, Renounce Religion


You were in a sewer.
You worshipped Trog.
Trog was pleased with you.
You were near starving.

You visited 1 branch of the dungeon, and saw 3 of its levels.
You also visited: Sewer.

You collected 118 gold pieces.

Inventory:

Hand Weapons
 a - a +0 hand axe (weapon)
Armour
 b - a +0 chain mail (worn)
Jewellery
 m - a +2 ring of protection (left hand)
Scrolls
 d - 5 scrolls of identify {unknown}
 e - a scroll of enchant weapon {unknown}
 j - 2 scrolls of teleportation {unknown}
 l - 2 scrolls of enchant armour {unknown}
 o - a scroll of immolation {unknown}
 q - a scroll of blinking {unknown}
Potions
 g - 2 potions of heal wounds {unknown}
 h - a potion of curing
 i - a potion of agility {unknown}
 k - a potion of might {unknown}
 n - 2 potions of cancellation {unknown}
 p - 2 potions of degeneration {unknown}
Comestibles
 c - 3 rations
 f - a chunk of flesh


   Skills:
 + Level 4.4 Fighting
 + Level 3.6 Axes
 + Level 3.7 Armour
 + Level 2.7 Dodging


You had 4 spell levels left.
You didn't know any spells.
Your spell library was empty.

Dungeon Overview and Level Annotations

Branches:
Dungeon (3/15)

Altars:
Ru

Annotations:
Sewer Purgy


Innate Abilities, Weirdness & Mutations

You are resistant to torment.
Your stone body is resilient. (AC +4)
You are immune to poison.
You resist negative energy. (rN+)
You are resistant to electric shocks. (rElec)
You can survive without breathing.
You are immune to petrification.
You are immune to rotting.


Message History

You closely miss Purgy.
Purgy is almost dead.
Purgy misses you. Purgy claws you but does no damage. x2
Purgy bites you but does no damage. Purgy barely misses you.
Purgy claws you but does no damage.
Your unstable footing causes you to fumble your attack.
Purgy bites you.
* * * LOW HITPOINT WARNING * * *
Purgy barely misses you. Purgy claws you but does no damage.
Your unstable footing causes you to fumble your attack.
Your skin stops crawling.
You feel less resistant to hostile enchantments.
Purgy bites you.
* * * LOW HITPOINT WARNING * * *
Purgy claws you but does no damage. Purgy barely misses you. x2
Purgy claws you but does no damage. x2
Your chain mail prevents you from hitting Purgy.
Purgy is severely wounded.
Purgy bites you.
You die...

#≈≈≈≈≈≈≈≈≈≈#
#≈≈≈≈≈≈≈≈≈. #≈≈≈≈≈≈≈.#
##≈≈≈≈≈≈≈.# #≈≈≈≈≈≈≈≈.
≈≈≈≈≈≈≈≈≈ #≈≈≈≈≈≈T##
≈≈≈≈≈≈≈@.# #≈≈≈≈≈≈≈##
##≈≈≈≈≈≈## #≈≈≈≈≈≈≈##
#≈≈≈≈≈≈≈≈.##
≈≈≈≈≈≈≈≈≈≈≈##
#≈≈≈≈≈≈≈≈≈..# #####
##≈≈≈≈≈≈≈≈≈#######∩∩.#
#≈≈≈≈≈≈≈≈≈≈.##.#≈≈≈≈#.≈


You could see Purgy.

Vanquished Creatures
  Sigmund (D:2)
  A river rat (D:3)
  A worm (D:3)
  3 leopard geckos
  2 giant cockroaches
  6 goblins
  6 hobgoblins
  4 kobolds (D:1)
  2 ball pythons
  2 bats
  6 frilled lizards
  A rat (D:1)
35 creatures vanquished.

Notes
Turn   | Place    | Note
-------+----------+-------------------------------------------
     0 | D:1      | Fang the Gargoyle Berserker began the quest for the Orb.
     0 | D:1      | Reached XP level 1. HP: 14/14 MP: 1/1
   191 | D:1      | Reached XP level 2. HP: 17/19 MP: 2/2
   749 | D:1      | Reached XP level 3. HP: 23/23 MP: 3/3
   793 | D:2      | Noticed Sigmund
   897 | D:2      | Killed Sigmund
   897 | D:2      | Reached skill level 4 in Fighting
   897 | D:2      | Reached XP level 4. HP: 24/30 MP: 4/4
   897 | D:2      | Reached XP level 5. HP: 27/34 MP: 5/5
  1020 | D:2      | Found a sacrificial altar of Ru.
  1423 | D:3      | Reached ** piety under Trog
  1444 | D:3      | Found a glowing drain.
  1600 | Sewer    | Entered a sewer
  1633 | Sewer    | Noticed Purgy
  1670 | Sewer    | HP: 1/34 [Purgy (4)]
  1671 | Sewer    | Slain by Purgy

Skill      XL: |  1  2  3 |
---------------+----------+-----
Axes           | 3 |  3.6
Fighting       | 4 |  4.4
Armour         | 3 |  3.7
Dodging        | 2 |  2.7

Action                   |  1- 3 |  4- 6 || total
-------------------------+-------+-------++-------
Melee: Hand axe          |    64 |    89 ||   153
Invok: Berserk           |     1 |     1 ||     2
       Trog's Hand       |       |     1 ||     1
  Eat: Chunk             |       |     3 ||     3
Armor: Animal skin       |    18 |       ||    18
       Chain mail        |     3 |   144 ||   147
Dodge: Dodged            |    33 |   109 ||   142
